 Dungeon Crawl Stone Soup version 0.31-a0-1458-g2f8d4710b4 (webtiles) character file.

Game seed: 1024336141993507971

2017144 Ge0ff the Vampiric Blade (level 27, 195/195 HPs)
             Began as a Vampire Fire Elementalist on Dec 28, 2023.
             Was a High Priest of Hepliaklqana.
             Escaped with the Orb
             ... and 4 runes
             ... and 1 gem on Dec 29, 2023!
             The game lasted 03:48:34 (103216 turns).

Ge0ff the Vampiric Blade (VpFE)                   Turns: 103216, Time: 03:48:35

Health: 195/195    AC: 34    Str: 10 (12) XL:     27
Magic:  47/47      EV: 21    Int: 36 (39) God:    Hepliaklqana [*****.]
Gold:   6315       SH:  9    Dex: 18 (19) Spells: 1/60 levels left

rFire   + + .        a - +3 Elemental Staff {ele, rElec rF+ rC+ AC+3}
rCold   + . .        k - +3 buckler {rF+}
rNeg    + . .        Z - +5 faerie dragon scales {rPois rN+ rCorr MP+3}
rPois   +            G - +5 hat "Gutiymou" {Str+5 Int+4 Dex+2}
rElec   +            i - +2 cloak {rPois}
rCorr   +            D - +2 pair of gloves {Stlth+}
SInv    +            Q - +2 pair of boots {Fly}
Will    +++..        f - amulet of regeneration
Stlth   ++           e - ring of Veigalar {EV+5 Int+6 SInv}
HPRegen 1.52/turn    x - ring "Cian" {Wiz Will+}
MPRegen 0.30/turn

%: wizardry (x1)
@: flying, healing quickly
A: reduced essence, alive, fangs 3, see invisible, vampiric 2, deterioration 1
0: Orb of Zot
}: 4/15 runes: barnacled, slimy, silver, gossamer
a: Exsanguinate, Renounce Religion, Recall Ancestor, Ancestor Identity,
Transference, Idealise


You escaped.
You worshipped Hepliaklqana.
Hepliaklqana was extremely pleased with you.
You visited 11 branches of the dungeon, and saw 55 of its levels.
You also visited: Bailey, Ice Cave, Volcano and Wizlab.

You collected 9594 gold pieces.
You spent 3279 gold pieces at shops.

Inventory:

Hand Weapons
 a - the +3 Elemental Staff (weapon) {ele, rElec rF+ rC+ AC+3}
   (You acquired it on level 11 of the Dungeon)

   AC+3:      It affects your AC (+3).
   rF+:       It protects you from fire.
   rC+:       It protects you from cold.
   rElec:     It insulates you from electricity.
 b - a +9 spectral double sword
 w - the +8 Vampire's Tooth {megavamp}
   (You took it off a deep elf sorcerer on level 3 of the Elven Halls)
Missiles
 g - 12 throwing nets {=F}
 h - 19 silver javelins
 v - 12 curare-tipped darts {=F}
 A - 10 javelins
 Y - 11 darts of dispersal
Armour
 i - a +2 cloak of poison resistance (worn)
 k - a +3 buckler of fire resistance (worn)
 D - a +2 pair of gloves of stealth (worn)
 G - the +5 hat "Gutiymou" (worn) {Str+5 Int+4 Dex+2}
   (You bought it in a shop on level 2 of the Orcish Mines)

   Str+5:     It affects your strength (+5).
   Int+4:     It affects your intelligence (+4).
   Dex+2:     It affects your dexterity (+2).
 Q - a +2 pair of boots of flying (worn)
 Z - the +5 faerie dragon scales (worn) {rPois rN+ rCorr MP+3}
   (You took it off the Enchantress on level 1 of the Depths)

   rPois:     It protects you from poison rN+: It protects you from negative
   energy.
   MP+3:      It affects your magic capacity (+3).
   rCorr:     It protects you from acid and corrosion.
Jewellery
 e - the ring of Veigalar (left hand) {EV+5 Int+6 SInv}
   (You acquired it on level 4 of the Realm of Zot)

   [ring of evasion]

   EV+5:      It affects your evasion (+5).
   Int+6:     It affects your intelligence (+6).
   SInv:      It lets you see invisible.
 f - an amulet of regeneration (around neck)
 x - the ring "Cian" (right hand) {Wiz Will+}
   (You took it off a deep elf high priest on level 3 of the Elven Halls)

   [ring of wizardry]

   Wiz:       It improves your spell success rate.
   Will+:     It increases your willpower.
Wands
 d - a wand of digging (27)
 j - a wand of quicksilver (35)
 p - a wand of paralysis (56)
 r - a wand of roots (17)
 s - a wand of mindburst (44)
 P - a wand of polymorph (30)
Scrolls
 m - 3 scrolls of revelation
 y - 5 scrolls of immolation
 B - 4 scrolls of blinking
 C - 6 scrolls of poison
 E - 10 scrolls of fear
 F - 11 scrolls of fog
 J - 6 scrolls of silence {!r}
 S - 2 scrolls of butterflies
 T - 29 scrolls of teleportation
 V - 13 scrolls of vulnerability
Potions
 o - 8 potions of ambrosia
 q - 22 potions of curing
 u - 8 potions of mutation {!q}
 z - 11 potions of brilliance
 H - 9 potions of haste {!q}
 I - 6 potions of invisibility
 K - 6 potions of magic {!q}
 L - 6 potions of lignification
 M - 8 potions of might
 N - 6 potions of cancellation {!q}
 R - 3 potions of resistance
 W - 13 potions of heal wounds {!q}
 X - 9 potions of enlightenment
Miscellaneous
 c - a condenser vane
 l - a lightning rod (4/4)
 n - a phial of floods
 O - a box of beasts
 U - a phantom mirror


   Skills:
 - Level 18.0 Fighting
 - Level 21.0 Long Blades
 - Level 6.0 Throwing
 - Level 15.0 Armour
 + Level 8.7 Dodging
 + Level 10.1 Stealth
 + Level 8.2 Shields
 - Level 17.0 Spellcasting
 - Level 12.0 Conjurations
 - Level 7.0 Hexes
 - Level 10.0 Necromancy
 - Level 7.0 Translocations
 - Level 17.0 Fire Magic
 - Level 16.0 Air Magic
 - Level 11.0 Earth Magic
 - Level 7.0 Alchemy
 + Level 12.6 Invocations
 + Level 6.5 Evocations


You had one spell level left.
You knew the following spells:

 Your Spells              Type           Power      Damage    Failure   Level
a - Starburst             Conj/Fire      58%        6d15      1%          6
d - Iskenderun's Mystic   Conj/Tloc      78%        2d16      1%          4
e - Irradiate             Conj/Alch      39%        3d24      1%          5
g - Apportation           Tloc           100%       N/A       1%          1
m - Fireball              Conj/Fire      58%        3d22      1%          5
n - Dispel Undead         Necr           80%        3d26      1%          4
p - Passage of Golubria   Tloc           69%        N/A       1%          4
s - Ignition              Fire           62%        3d17      5%          8
x - Airstrike             Air            60%        2d(9-25)  1%          4
y - Yara's Violent Unrav  Hex/Alch       34%        3d14      1%          5
C - Lee's Rapid Deconstr  Erth           52%        3d25*     1%          5
E - Maxwell's Capacitive  Air            60%        ∞         8%          8

Your spell library contained the following spells:

 Spells                   Type           Power      Damage    Failure   Level
 Foxfire                  Conj/Fire      100%       2x1d9     0%          1
 Magic Dart               Conj           100%       1d8       0%          1
 Shock                    Conj/Air       100%       1d9       0%          1
 Necrotise                Necr           100%       1d9       1%          1
 Slow                     Hex            100%       N/A       1%          1
 Sting                    Conj/Alch      100%       1d9       1%          1
 Summon Small Mammal      Summ           100%       N/A       1%          1
 Scorch                   Fire           100%       2d9       0%          2
 Searing Ray              Conj           100%       2d8       0%          2
 Static Discharge         Conj/Air       100%       3-8/arc   0%          2
 Ensorcelled Hibernation  Hex/Ice        100%       N/A       1%          2
 Jinxbite                 Hex            100%       N/A       1%          2
 Mercury Vapours          Alch/Air       100%       N/A       1%          2
 Momentum Strike          Conj/Tloc      100%       3d10      1%          2
 Confusing Touch          Hex            69%        N/A       1%          3
 Dazzling Flash           Conj/Hex       100%       N/A       1%          3
 Fugue of the Fallen      Necr           80%        N/A       1%          3
 Gell's Gravitas          Tloc           69%        N/A       1%          3
 Hailstorm                Conj/Ice       84%        3d14      1%          3
 Inner Flame              Hex/Fire       100%       N/A       1%          3
 Mephitic Cloud           Conj/Alch/Air  100%       N/A       1%          3
 Sigil of Binding         Hex            69%        N/A       1%          3
 Stone Arrow              Conj/Erth      100%       3d13      1%          3
 Tukima's Dance           Hex            69%        N/A       1%          3
 Vampiric Draining        Necr           80%        2d11      1%          3
 Volatile Blastmotes      Fire/Tloc      100%       2d18      1%          3
 Anguish                  Hex/Necr       37%        N/A       1%          4
 Animate Armour           Summ/Erth      100%       N/A       1%          4
 Brom's Barrelling Bould  Conj/Erth      100%       2d11      1%          4
 Cause Fear               Hex            34%        N/A       1%          4
 Dimensional Bullseye     Hex/Tloc       34%        N/A       1%          4
 Flame Wave               Conj/Fire      100%       2d21      1%          4
 Fulminant Prism          Conj/Alch      39%        3d17      1%          4
 Ignite Poison            Fire/Alch      100%       N/A       1%          4
 Leda's Liquefaction      Alch/Erth      48%        N/A       1%          4
 Manifold Assault         Tloc           69%        N/A       1%          4
 Olgreb's Toxic Radiance  Alch           69%        N/A       1%          4
 Petrify                  Alch/Erth      97%        N/A       1%          4
 Sticky Flame             Fire/Alch      100%       2d15      1%          4
 Summon Blazeheart Golem  Fire/Summ      95%        N/A       1%          4
 Summon Lightning Spire   Summ/Air       93%        N/A       1%          4
 Alistair's Intoxication  Alch           46%        N/A       1%          5
 Freezing Cloud           Conj/Ice/Air   60%        6-21      1%          5
 Iskenderun's Battlesphe  Conj           86%        2d13      1%          5
 Silence                  Hex/Air        53%        N/A       1%          5
 Bombard                  Conj/Erth      53%        9d9       1%          6
 Conjure Ball Lightning   Conj/Air       57%        3x3d21    1%          6
 Call Canine Familiar     Summ           30%        N/A       2%          3
 Frozen Ramparts          Ice            90%        1d14      2%          3
 Ozocubu's Armour         Ice            45%        N/A       2%          3
 Summon Ice Beast         Ice/Summ       45%        N/A       2%          3
 Orb of Destruction       Conj           43%        9d12      5%          7
 Metabolic Englaciation   Hex/Ice        35%        N/A       6%          5
 Summon Forest            Summ/Tloc      27%        N/A       6%          5
 Summon Mana Viper        Hex/Summ       54%        N/A       6%          5
 Eringya's Noxious Bog    Alch           34%        4d6       8%          6
 Sculpt Simulacrum        Ice/Alch       35%        N/A       28%         6
 Enfeeble                 Hex            34%        N/A       36%         7
 Lehudib's Crystal Spear  Conj/Erth      53%        10d12     43%         8
 Spellforged Servitor     Conj/Summ      32%        N/A       50%         7
 Haunt                    Necr/Summ      30%        N/A       63%         7
 Infestation              Necr           40%        N/A       63%         8
 Malign Gateway           Summ/Tloc      27%        N/A       82%         7
 Fire Storm               Conj/Fire      58%        8d15      89%         9
 Chain Lightning          Conj/Air       57%        3d76      92%         9
 Monstrous Menagerie      Summ           15%        N/A       99%         7
 Summon Hydra             Summ           15%        N/A       99%         7
 Summon Horrible Things   Summ           15%        N/A       100%        8
 Shatter                  Erth           52%        3d40*     100%        9


Dungeon Overview and Level Annotations

Branches:
Dungeon (15/15)            Temple (0/1) D:7            Lair (5/5) D:10
 Shoals (4/4) Lair:2       Spider (4/4) Lair:2        Slime (5/5) Lair:5
    Orc (2/2) D:9             Elf (3/3) Orc:2        Vaults (5/5) D:14
  Crypt (3/3) Vaults:3       Tomb (0/3) Crypt:3      Depths (4/4) D:15
    Zot (5/5) Depths:4     Bailey (visited)           IceCv (visited)
Volcano (visited)          WizLab (visited)

Altars:
Ashenzari
Dithmenos
Gozag
Hepliaklqana
Kikubaaqudgha
Makhleb
Nemelex Xobeh
Ru
Sif Muna
Trog
Uskayaw
Vehumet
Xom
Yredelemnul
Jiyva
Lugonu

Shops:
D:2 [   D:3 ?   D:4 ?   D:6 (   D:8 (   D:12 [[=   D:14 [   Orc:2 (*[?
Elf:3 (**   Vaults:3 [   Vaults:4 (

Portals:
Hell: Depths:1 Depths:2 Depths:3 Depths:4
Abyss: Depths:1 Depths:2 Depths:3
Pandemonium: Depths:2
Ziggurat: Depths:1


Innate Abilities, Weirdness & Mutations

Your life essence is reduced to manifest your ancestor. (-10% HP)
Your natural rate of healing is accelerated.
You have razor-sharp teeth.
You have supernaturally acute eyesight. (SInv)
You are afflicted with vampirism and can become a bat while bloodless.
Your body sometimes deteriorates upon taking damage.


Message History

There is a stone staircase leading down here.
The Orb Guardian moves out of view.
Elvira hits the Orb Guardian with a +0 lajatang of freezing!!!
Elvira freezes the Orb Guardian.
Elvira barely misses the Orb Guardian.
Elvira hits the Orb Guardian with a +0 lajatang of freezing!!
Elvira freezes the Orb Guardian.
You feel a surge of power!
The bolt of fire hits the Orb Guardian!
The Orb Guardian is almost dead.
You feel a surge of power!
The bolt of fire hits the Orb Guardian!!!
You kill the Orb Guardian!
There is an escape hatch in the floor here.
There is a stone staircase leading up here.
You fly upwards.
There is a stone staircase leading down here.
There is a stone staircase leading up here.
You fly upwards.
There is a stone staircase leading down here.
A worm is nearby!
You feel a surge of power!
The bolt of fire hits the worm!!!
You kill the worm!
You can't see any susceptible monsters within range! (Use Z to cast anyway.)
You see here a worm corpse.
A soul eater comes into view.
Elvira mumbles some strange words.
Elvira seems to speed up.
There is an open door here.
You block the soul eater's attack.
You feel a surge of power!
The bolt of fire hits the soul eater!!!
The soul eater is almost dead.
The soul eater hits you.
You feel a surge of power!
The bolt of fire hits the soul eater!!!
You kill the soul eater!
There is a stone staircase leading up here.
You fly upwards.
There is a stone staircase leading down here.
You swap places.
An ice devil comes into view.
You can't see any susceptible monsters within range! (Use Z to cast anyway.)
You can't see any susceptible monsters within range! (Use Z to cast anyway.)
You feel a surge of power!
The bolt of fire hits the ice devil!!!!
The ice devil is burned terribly!
You kill the ice devil!
You see here a +0 whip.
There is a staircase leading out of the dungeon here.
You start resting.
Elvira is no longer moving quickly.
Magic restored.
You have escaped!

.'.#.# ### ####..# #.# ##.#.#
#.###.###.#### #.# #.#)# #.....#
#.^..# #.# #.#.####
###.#.#.######.# #.# #......##
#.........# #.## #.#
#..###..###.#.#.#.#.####..####.#
#..# ##.......#.#......##...##.#
##..# ###.#.###.###.#.#####.##.#
....# #......@R.....#........#
#...# ##.#.###.###.#.#R##...###
##### #......#.#.......##...#
####.#.#.#.#.###.##...#
###########.........# #.##...###
#........####.#.#.### #.#......#
#........####.....# #.#......#
#........+..#.###.# #.#......)
#...>....##...# ### #.##+#.##.


You could see the friendly Elvira the battlemage.

Vanquished Creatures
  the Royal Jelly (Slime:5)
  3 dread liches
  3 ancient liches
  4 orbs of fire
  Vv (Crypt:2)
  3 Killer Klowns (Zot:5)
  A Head Instructor (WizLab)
  2 curse toes
  Jory (Vaults:2)
  the Enchantress (Depths:1)
  3 bone dragons
  Norris (Depths:1)
  10 golden dragons
  2 doom hounds (Depths:2)
  2 electric golems
  11 tentacled monstrosities
  5 Orb Guardians
  2 titans
  2 deep elf blademasters (Elf:3)
  9 liches
  9 sphinxes
  5 quicksilver dragons
  An Ice Fiend (IceCv)
  2 deep elf master archers (Elf:3)
  15 acid blobs
  A searing wretch (Vaults:4)
  A walking frostbound tome (Depths:3)
  3 ancient champions
  A walking divine tome (Depths:2)
  Kirke (D:15)
  9 death cobs
  The ghost of Gargoyl the Executioner, an adept GrBe of Trog (Vaults:1)
  4 shadow dragons
  8 storm dragons
  4 draconian monks (Zot:4)
  6 tengu reavers
  9 azure jellies
  5 revenants
  A draconian knight (Zot:4)
  9 fire giants
  3 rockslimes (Slime:5)
  4 protean progenitors
  7 frost giants
  An iron dragon (Zot:1)
  4 deep elf sorcerers
  4 draconian shifters
  6 vault wardens
  A draconian scorcher (Zot:2)
  An emperor scorpion (Spider:3)
  6 ghost moths
  A draconian stormcaller (Zot:4)
  3 curse skulls
  2 deep elf elementalists (Elf:3)
  10 ironbound preservers
  3 ghouls
  2 spriggan defenders (Depths:1)
  4 orc warlords
  10 quicksilver oozes
  8 formless jellyfish
  5 broodmothers
  A caustic shrike skeleton (Crypt:3)
  A reaper (Depths:2)
  2 green draconians
  10 very ugly things
  4 ironbound thunderhulks
  12 stone giants
  9 vampire knights
  4 black draconians
  5 purple draconians
  4 red draconians
  11 deep elf annihilators
  4 deep elf death magi
  7 war gargoyles
  8 deep elf demonologists
  3 white draconians
  8 yellow draconians
  14 dire elephants
  15 spark wasps
  4 eidola
  A green death (Depths:3)
  A blizzard demon (Depths:3)
  13 ettins
  A crystal guardian (Zot:1)
  2 merfolk impalers
  6 merfolk javelineers
  6 yaktaur captains
  4 deep elf high priests
  A jiangshi (Crypt:3)
  5 entropy weavers
  5 fire dragons
  26 vault guards
  A rakshasa (Depths:3)
  6 spriggan air magi
  A caustic shrike simulacrum (IceCv)
  8 great orbs of eyes
  8 hydras
  The ghost of Uzxid the Fencer, a journeyman MfGl of Okawaru (D:14)
  7 ice dragons
  A radroach (Spider:4)
  7 centaur warriors
  5 ironbound frosthearts
  A catoblepas (D:13)
  2 ogre magi
  3 merfolk avatars
  A two-headed ogre (D:13)
  An alligator (Lair:4)
  2 death knights
  3 merfolk aquamancers (Shoals:4)
  A jorogumo (Spider:1)
  4 boulder beetles
  A death yak (Lair:1)
  5 deep troll earth magi
  4 alligator snapping turtles
  A satyr (Shoals:4)
  13 demonic crawlers
  6 deep troll shamans
  8 vampire magi
  23 dancing weapons
  3 spriggan berserkers (Depths:1)
  2 tengu warriors
  An occultist (Depths:2)
  4 orc high priests
  2 soul eaters
  6 hell knights
  15 deep elf knights
  5 skysharks
  7 sea snakes
  29 skeletal warriors
  A goliath frog (Depths:3)
  12 pharaoh ants
  22 deep trolls
  2 shadow wraiths
  A bog body (IceCv)
  A swamp dragon (shapeshifter) (Vaults:4)
  7 orb spiders
  11 deep elf archers
  5 glowing orange brains
  3 sun moths
  A spriggan simulacrum (IceCv)
  3 flayed ghosts
  9 lindwurms
  9 arcanists
  A swamp dragon (Lair:4)
  9 ironbound convokers
  12 phantasmal warriors
  A lindwurm (shapeshifter) (Depths:3)
  5 large abominations
  A mana viper (WizLab)
  A bunyip skeleton (Crypt:3)
  10 harpies
  23 deep elf pyromancers
  9 steelbarb worms
  29 deep elf zephyrmancers
  10 necromancers
  8 orc knights
  3 fauns
  42 ugly things
  12 orc sorcerers
  2 oklob plants
  23 wolf spiders
  5 cyclopes
  3 shining eyes
  Maurice (D:8)
  A manticore (shapeshifter) (Depths:2)
  19 moths of wrath
  10 merfolk sirens
  9 manticores
  2 black mambas (Lair:4)
  Joseph (D:7)
  2 water nymphs (shapeshifter)
  12 elephants
  A black mamba (shapeshifter) (Vaults:4)
  18 vault sentinels
  The ghost of haldagan the Covert, a novice SpBr (D:6)
  An eye of devastation (Slime:5)
  8 water nymphs
  8 torpor snails
  A titan simulacrum (Crypt:2)
  A smoke demon (Volcano)
  6 cane toads
  A gargoyle (D:12)
  6 unseen horrors
  3 rime drakes
  A dire elephant skeleton (Crypt:3)
  5 komodo dragons
  12 freezing wraiths
  19 yaktaurs
  A mana viper zombie (Crypt:3)
  A tengu conjurer (Depths:1)
  2 guardian mummies (Crypt:3)
  An efreet (D:14)
  3 red devils (Volcano)
  A sea snake skeleton (Crypt:1)
  2 ice devils
  7 trolls
  2 polar bears
  6 saltlings (Orc:2)
  31 tarantellas
  7 wind drakes
  A hydra skeleton (Crypt:2)
  26 merfolk
  2 hornets
  7 dream sheep
  A snapping turtle (shapeshifter) (Depths:2)
  A jumping spider zombie (Crypt:3)
  Prince Ribbit (D:7)
  A dream sheep (shapeshifter) (Vaults:5)
  2 glass eyes
  18 blink frogs
  9 snapping turtles
  20 culicivoras
  101 slime creatures
  A vampire (Crypt:3)
  3 air elementals
  30 jumping spiders
  7 wyverns
  A spriggan (Depths:1)
  12 water elementals
  17 humans (D:14)
  3 steam dragons (Lair:5)
  3 wraiths
  A basilisk (shapeshifter) (Depths:2)
  A warg (Orc:2)
  40 yaks
  A hog (shapeshifter) (D:15)
  A fire elemental (Elf:1)
  3 basilisks
  4 hogs (D:15)
  5 chaos spawn
  A black mamba skeleton (Crypt:1)
  12 vampire mosquitoes
  A minotaur simulacrum (IceCv)
  Menkaure (D:7)
  2 swamp worms (Lair:4)
  30 redbacks
  4 hydra simulacra (IceCv)
  3 acid dragons
  14 water moccasins
  2 hell hounds
  A water moccasin (shapeshifter) (Vaults:5)
  2 swamp drakes (Lair:4)
  3 sky beasts
  3 black bears
  21 orc warriors
  3 ice beasts
  6 ogres
  5 ettin simulacra (IceCv)
  2 laughing skulls (Crypt:1)
  15 centaurs
  18 wolves
  2 phantoms
  15 bullfrogs
  4 kobold brigands
  A weeping skull (D:12)
  4 small abominations
  2 scorpions
  A warg zombie (Crypt:2)
  A komodo dragon skeleton (Crypt:1)
  8 killer bees
  A howler monkey (D:11)
  8 electric eels
  2 bombardier beetles (D:6)
  A bullfrog zombie (Crypt:3)
  2 centaur skeletons
  9 orc priests
  3 hounds
  4 jellies (Lair:3)
  4 hell rats
  2 iguanas (D:6)
  11 orc wizards
  A hound zombie (Crypt:1)
  7 gnolls
  5 adders
  A steam dragon skeleton (Crypt:1)
  A shadow imp (D:8)
  A white imp (D:7)
  4 ufetubi
  2 worms
  3 dart slugs
  41 orcs
  5 bats
  9 endoplasms
  5 giant cockroaches
  23 goblins
  13 hobgoblins
  4 jackals (D:1)
  21 kobolds
  4 quokkas
  9 ball pythons
  4 frilled lizards
  2 goblin skeletons (D:8)
  2 hobgoblin zombies (D:8)
  2 kobold skeletons (D:8)
  A kobold zombie (Crypt:3)
  An orc skeleton (D:8)
  An orc zombie (D:8)
  A quokka zombie (Crypt:3)
  8 rats
  A spectral orc (D:12)
  6 aspiring fleshes
1896 creatures vanquished.

Vanquished Creatures (collateral kills)
  5 ancient liches
  Mara (Depths:1)
  Margery (Vaults:4)
  A Killer Klown (Zot:5)
  A curse toe (Zot:4)
  4 golden dragons
  2 bone dragons
  2 electric golems
  Jorgrun (D:15)
  An Ice Fiend (Zot:1)
  10 tentacled monstrosities
  Rupert (Vaults:1)
  6 Orb Guardians
  Grunn (Depths:2)
  A lich (Crypt:3)
  A walking divine tome (Depths:4)
  2 quicksilver dragons
  5 titans
  3 sphinxes
  4 death cobs
  5 ancient champions
  11 acid blobs
  2 shadow dragons
  Agnes (Vaults:1)
  10 storm dragons
  A draconian monk (Zot:4)
  4 tengu reavers
  5 rockslimes (Slime:5)
  3 protean progenitors (Zot:1)
  2 emperor scorpions
  2 draconian shifters
  4 ghost moths
  6 fire giants
  2 deep elf sorcerers (Elf:3)
  4 vault wardens
  An iron dragon (Depths:2)
  3 frost giants
  4 draconian knights
  A draconian scorcher (Zot:2)
  2 orc warlords
  2 spriggan defenders
  2 formless jellyfish
  A deep elf elementalist (Elf:2)
  A juggernaut zombie (Crypt:3)
  2 draconian annihilators (Zot:4)
  A draconian stormcaller (Depths:4)
  An ironbound preserver (Vaults:2)
  3 ironbound thunderhulks
  4 reapers
  A juggernaut skeleton (Crypt:3)
  13 stone giants
  4 vampire knights
  A broodmother (Spider:4)
  2 deep elf demonologists
  A rockslime zombie (Crypt:1)
  2 green draconians (Zot:4)
  5 deep elf annihilators
  3 deep elf death magi
  2 black draconians (Zot:4)
  6 yellow draconians
  3 white draconians
  5 red draconians
  4 spark wasps
  A purple draconian (Zot:4)
  5 dire elephants
  3 eidola
  6 ettins
  The ghost of Kous the Skirmisher, a journeyman DsMo of Dithmenos (D:14)
  The ghost of Acsiumeo the Grappler, a journeyman DrMo of Yredelemnul (Lair:3)
  A merfolk javelineer (Shoals:4)
  4 jiangshi
  An entropy weaver (shapeshifter) (Depths:2)
  3 merfolk impalers
  2 fire dragons (Zot:1)
  3 deep elf high priests
  4 yaktaur captains
  2 entropy weavers
  2 hydras
  Harold (D:9)
  A vault guard (Vaults:5)
  2 great orbs of eyes
  An ice dragon (Zot:1)
  A spriggan air mage (WizLab)
  Erolcha (D:11)
  An ogre mage (WizLab)
  3 ironbound frosthearts
  An alligator (Zot:1)
  A merfolk avatar (Shoals:4)
  A death knight (Crypt:1)
  A two-headed ogre (Orc:2)
  A boulder beetle (D:11)
  A tengu warrior (Depths:1)
  A satyr (Shoals:3)
  An orc high priest (Vaults:4)
  2 vampire magi
  2 demonic crawlers
  A deep troll earth mage (Vaults:5)
  11 dancing weapons
  12 hell knights
  2 spriggan berserkers (Depths:1)
  3 sun demons
  A soul eater (Crypt:1)
  3 deep elf knights
  3 skysharks
  3 shadow wraiths (Crypt:3)
  13 skeletal warriors
  5 iron trolls
  A salamander mystic (WizLab)
  2 pharaoh ants
  A skyshark (shapeshifter) (Depths:2)
  An orb spider (shapeshifter) (Depths:2)
  A fire crab (shapeshifter) (Depths:2)
  A sea snake (Shoals:4)
  4 orb spiders
  2 flayed ghosts
  15 deep trolls
  An orange crystal statue (Zot:4)
  A lindwurm (shapeshifter) (Vaults:4)
  7 ironbound convokers
  4 lindwurms
  2 orc knights (Vaults:4)
  A harpy (shapeshifter) (Depths:2)
  4 arcanists
  3 deep elf archers
  2 harpies
  7 deep elf zephyrmancers
  2 necromancers (Vaults:5)
  An oklob plant (Lair:5)
  8 phantasmal warriors
  4 steelbarb worms
  6 wolf spiders
  2 obsidian statues (IceCv)
  A manticore (Shoals:4)
  2 orc sorcerers
  6 deep elf pyromancers
  A jorogumo zombie (Crypt:1)
  20 ugly things
  2 cyclopes
  2 mana vipers (WizLab)
  A shining eye (shapeshifter) (Elf:3)
  A faun (Shoals:3)
  A naga zombie (Crypt:2)
  5 moths of wrath
  A titan simulacrum (Crypt:3)
  A merfolk siren (Shoals:2)
  4 elephants
  2 meliai (shapeshifter)
  A black mamba (Lair:2)
  3 water nymphs
  5 vault sentinels
  A gargoyle (D:11)
  3 eyes of devastation
  4 torpor snails
  2 centaur skeletons
  3 komodo dragons
  5 cane toads
  2 rime drakes (Lair:5)
  2 yaktaurs (Vaults:2)
  A death yak skeleton (Crypt:2)
  2 guardian mummies (Crypt:3)
  6 merfolk
  3 freezing wraiths (IceCv)
  A green draconian skeleton (Crypt:3)
  3 red devils (Volcano)
  2 polar bears
  A troll (D:6)
  3 wind drakes
  A saltling (Orc:2)
  A raiju (shapeshifter) (Depths:2)
  6 tarantellas
  A glass eye (Zot:5)
  4 blink frogs
  4 dream sheep
  6 jumping spiders
  A culicivora (Spider:1)
  A spriggan (shapeshifter) (Depths:2)
  22 slime creatures
  A water elemental (D:11)
  A jumping spider (shapeshifter) (Depths:1)
  A fire dragon skeleton (Crypt:1)
  A shadow (D:12)
  3 wraiths (Crypt:2)
  13 yaks
  3 vampires
  A yak (shapeshifter) (Depths:2)
  2 wyverns
  2 wargs
  A basilisk (Lair:1)
  2 humans (D:14)
  A vampire mosquito (Lair:4)
  A human (shapeshifter) (Depths:2)
  10 redbacks
  A harpy simulacrum (IceCv)
  A naga (shapeshifter) (Depths:2)
  A faun zombie (Crypt:1)
  A hell hound (Orc:1)
  A water moccasin (Lair:4)
  10 orc warriors
  A black bear (D:6)
  A laughing skull (Crypt:1)
  2 centaurs
  5 wolves
  A kobold brigand (D:10)
  A draconian zombie (Crypt:2)
  A gnoll sergeant (D:9)
  A scorpion (D:6)
  2 spriggan zombies
  7 killer bees
  2 jellies
  A lava snake (D:10)
  3 hounds
  8 orc priests
  3 iguanas
  A gnoll bouda (D:5)
  A sleepcap (D:8)
  3 hell rats (Lair:5)
  5 orc wizards
  An acid dragon zombie (Crypt:2)
  A crocodile skeleton (Crypt:2)
  An ice beast zombie (Crypt:1)
  A tengu skeleton (Crypt:3)
  12 gnolls
  2 adders
  A shadow imp (D:6)
  A worm (D:5)
  36 orcs
  An endoplasm (D:4)
  5 goblins (Bailey)
  5 hobgoblins
  9 kobolds
  A hobgoblin zombie (D:8)
  A kobold zombie (D:8)
  An orc skeleton (D:8)
  An orc zombie (D:8)
  7 aspiring fleshes
  2 butterflies (Lair:3)
  A foxfire (D:2)
744 creatures vanquished.

Vanquished Creatures (others)
  An emperor scorpion (Spider:4)
  A hell knight (Depths:4)
  A tarantella (Spider:4)
  A dream sheep (Shoals:3)
  A jumping spider (Spider:4)
  A culicivora (Spider:4)
  52 battlemagi
  718 foxfires
776 creatures vanquished.

Grand Total: 3416 creatures vanquished

Notes
Turn   | Place    | Note
-------+----------+-------------------------------------------
     0 | D:1      | Ge0ff the Vampire Fire Elementalist began the quest for the
                  | Orb.
     0 | D:1      | Reached XP level 1. HP: 13/13 MP: 3/3
   178 | D:1      | Reached XP level 2. HP: 20/20 MP: 0/5
   183 | D:1      | Learned a level 2 spell: Scorch
   558 | D:1      | Reached skill level 1 in Conjurations
  1007 | D:1      | Gained mutation: You are afflicted with vampirism and can
                  | become a bat while bloodless. [Vampire growth]
  1007 | D:1      | Reached XP level 3. HP: 25/25 MP: 4/6
  1465 | D:2      | Reached skill level 1 in Fighting
  1633 | D:2      | Found Suef's Armour Emporium.
  1635 | D:2      | Identified the +3 morningstar of the Blind Eye {flame,
                  | rPois rN+ Str+4}
  1802 | D:2      | Found a hazy altar of Hepliaklqana.
  1818 | D:2      | Became a worshipper of Hepliaklqana the Forgotten
  1839 | D:2      | Reached XP level 4. HP: 28/32 MP: 3/7
  2851 | D:2      | Found a faded altar of an unknown god.
  3014 | D:3      | Found Keobris's Magic Scroll Shoppe.
  3036 | D:3      | Bought a scroll of identify for 24 gold pieces
  3036 | D:3      | Bought a scroll of teleportation for 36 gold pieces
  3723 | D:3      | Reached XP level 5. HP: 37/37 MP: 2/9
  4172 | D:3      | Reached * piety under Hepliaklqana
  4784 | D:4      | Noticed a black bear
  4792 | D:4      | Killed a black bear
  4866 | D:4      | Found a hazy altar of Hepliaklqana.
  4896 | D:4      | Reached XP level 6. HP: 23/38 MP: 2/10
  5340 | D:4      | Found a sacrificial altar of Ru.
  5357 | D:5      | Entered Level 5 of the Dungeon
  5529 | D:5      | Found a burning altar of Makhleb.
  5529 | D:5      | Noticed a water moccasin
  5550 | D:5      | Killed a water moccasin
  5680 | D:5      | Reached ** piety under Hepliaklqana
  5681 | D:5      | Remembered your ancestor Elvira as a battlemage
  5695 | D:5      | Reached skill level 5 in Fire Magic
  5695 | D:5      | Reached XP level 7. HP: 43/43 MP: 5/12
  6037 | D:5      | Learned a level 3 spell: Inner Flame
  6161 | D:5      | Reached skill level 1 in Hexes
  6857 | D:6      | Found a transporter.
  6857 | D:6      | Noticed haldagan's ghost (novice SpBr)
  6859 | D:6      | Noticed a boulder beetle
  6872 | D:6      | Noticed a troll
  6902 | D:6      | Found a transporter.
  6929 | D:6      | Reached XP level 8. HP: 48/48 MP: 5/14
  7314 | D:6      | Found Momaetog's Weapon Boutique.
  7378 | D:6      | Reached *** piety under Hepliaklqana
  7706 | D:7      | Noticed Menkaure
  7879 | D:7      | Killed Menkaure
  8073 | D:7      | Noticed Prince Ribbit
  8078 | D:7      | Killed Prince Ribbit
  8079 | D:7      | Reached XP level 9. HP: 53/53 MP: 10/15
  8105 | D:7      | Noticed Joseph
  8128 | D:7      | Killed Joseph
  8280 | D:7      | Found a staircase to the Ecumenical Temple.
  8550 | D:7      | Reached skill level 5 in Spellcasting
  8593 | D:7      | Reached skill level 1 in Evocations
  8913 | D:8      | Found Calaim's Antique Weapon Boutique.
  8938 | D:8      | Found a flagged portal.
  9035 | Bailey   | Entered a bailey
  9522 | Bailey   | Reached skill level 5 in Fighting
  9522 | Bailey   | Reached XP level 10. HP: 66/66 MP: 11/17
  9799 | Bailey   | Noticed an orc warlord
  9818 | Bailey   | Killed an orc warlord
  9819 | Bailey   | Reached skill level 10 in Fire Magic
  9819 | Bailey   | Reached skill level 1 in Invocations
 10069 | Bailey   | Learned a level 6 spell: Starburst
 10069 | Bailey   | Reached XP level 11. HP: 71/71 MP: 19/19
 10406 | D:8      | Identified the +4 short sword of the Final Chapter {flame,
                  | rF+ rN+ Str-2 Int+5}
 10677 | D:8      | Noticed Maurice
 10689 | D:8      | Killed Maurice
 10936 | D:9      | Reached **** piety under Hepliaklqana
 11136 | D:9      | Paralysed by a hornet for 1 turns
 11329 | D:9      | Found a staircase to the Orcish Mines.
 11712 | D:9      | Found a shadowy altar of Dithmenos.
 11728 | D:9      | Noticed Harold
 11736 | D:9      | Killed Harold
 12053 | D:10     | Entered Level 10 of the Dungeon
 12134 | D:10     | Found a staircase to the Lair.
 12134 | D:10     | Noticed an oklob plant
 12309 | D:10     | Found a bloodstained altar of Trog.
 12454 | D:10     | Found a radiant altar of Vehumet.
 12454 | D:10     | Found a sparkling altar of Nemelex Xobeh.
 12462 | D:10     | Found a hide-covered altar of Uskayaw.
 12464 | D:10     | Found a broken altar of Ashenzari.
 12466 | D:10     | Found an opulent altar of Gozag.
 12810 | D:10     | Reached ***** piety under Hepliaklqana
 13750 | D:10     | Killed an oklob plant
 13751 | D:10     | Reached XP level 12. HP: 77/77 MP: 14/21
 13919 | D:11     | Identified the amulet "Cyrer" {Acrobat ^Fragile rF+ rN+
                  | SInv}
 14063 | D:11     | Noticed a boulder beetle
 14081 | D:11     | HP: 1/77 [boulder beetle (21)]
 14081 | D:11     | Killed a boulder beetle
 14286 | D:11     | Identified a scroll of acquirement
 14287 | D:11     | Acquired the +3 Elemental Staff {ele, rElec rF+ rC+ AC+3}
 14287 | D:11     | Found the +3 Elemental Staff {ele, rElec rF+ rC+ AC+3}
 14289 | D:11     | hello there
 14662 | D:11     | Noticed Erolcha
 14666 | D:11     | Killed Erolcha
 14667 | D:11     | Reached skill level 1 in Armour
 15055 | D:12     | Noticed a centaur warrior
 15063 | D:12     | Killed a centaur warrior
 15288 | D:12     | Found Oluax's Armour Boutique.
 15373 | D:12     | Noticed a centaur warrior
 15385 | D:11     | Killed a centaur warrior
 15657 | D:12     | Found a basalt altar of Yredelemnul.
 15783 | D:12     | Reached skill level 5 in Invocations
 16264 | D:12     | Found Zafu's Antique Armour Boutique.
 16345 | D:12     | Bought a pair of glowing boots for 195 gold pieces
 16658 | D:12     | Found Fesiryup's Jewellery Emporium.
 16663 | D:12     | Bought a ring of magical power for 320 gold pieces
 16910 | D:6      | Killed a boulder beetle
 16911 | D:6      | Killed haldagan's ghost
 17135 | Lair:1   | Entered Level 1 of the Lair of Beasts
 17391 | Lair:1   | Reached XP level 13. HP: 72/81 MP: 23/23
 19411 | Lair:2   | Found a staircase to the Shoals.
 19905 | Lair:2   | Found a hole to the Spider Nest.
 19909 | Lair:2   | Reached skill level 10 in Conjurations
 20790 | Lair:3   | Reached ****** piety under Hepliaklqana
 21400 | Lair:3   | Found a runed translucent gate.
 21400 | Lair:3   | Found a runed translucent gate.
 21400 | Lair:3   | Found a runed translucent gate.
 21404 | Lair:3   | Noticed Acsiumeo's ghost (journeyman DrMo)
 21938 | Lair:3   | Found a viscous altar of Jiyva.
 21950 | Lair:3   | Killed Acsiumeo's ghost
 22160 | Lair:4   | Reached XP level 14. HP: 90/90 MP: 20/26
 23956 | Lair:4   | Found a runed translucent door.
 24168 | Lair:4   | Identified the +1 long sword "Xujudiw" {heavy, rN+ Str+3
                  | Int+8 Stlth-}
 24799 | Lair:5   | Entered Level 5 of the Lair of Beasts
 25622 | Lair:5   | Found a viscous altar of Jiyva.
 25622 | Lair:5   | Found a staircase to the Slime Pits.
 25876 | Lair:5   | Reached skill level 10 in Spellcasting
 27042 | Lair:5   | Learned a level 1 spell: Apportation
 27277 | Orc:1    | Entered Level 1 of the Orcish Mines
 27284 | Orc:1    | Reached XP level 15. HP: 97/97 MP: 25/29
 27326 | Orc:1    | Found a dark tunnel.
 27354 | Volcano  | Entered a volcano
 27404 | Volcano  | Reached skill level 1 in Translocations
 27409 | Volcano  | Found a large runed translucent door.
 27410 | Volcano  | Found a large runed translucent door.
 27433 | Volcano  | Found a large runed translucent door.
 27434 | Volcano  | Found a large runed translucent door.
 27444 | Volcano  | Found a large runed translucent door.
 27444 | Volcano  | Found a large runed translucent door.
 27527 | Volcano  | Found a large runed translucent door.
 27527 | Volcano  | Found a large runed translucent door.
 27573 | Volcano  | Found a large runed translucent door.
 27573 | Volcano  | Found a large runed translucent door.
 27579 | Volcano  | Found a large runed translucent door.
 27621 | Volcano  | Found a large runed translucent door.
 27649 | Volcano  | Found a large runed translucent door.
 27649 | Volcano  | Found a large runed translucent door.
 27688 | Volcano  | Found a large runed translucent door.
 27689 | Volcano  | Found a large runed translucent door.
 27697 | Volcano  | Found a large runed translucent door.
 27697 | Volcano  | Found a large runed translucent door.
 28501 | Orc:1    | Found a shimmering altar of Xom.
 28553 | Orc:2    | Entered Level 2 of the Orcish Mines
 29071 | Orc:2    | Found a staircase to the Elven Halls.
 29774 | Orc:2    | Found Erewir's Antique Armour Shop.
 29870 | Orc:2    | Bought an ichor-stained hat for 261 gold pieces
 29870 | Orc:2    | Identified the +5 hat "Gutiymou" {Str+5 Int+4 Dex+2} (You
                  | bought it in a shop on level 2 of the Orcish Mines)
 29870 | Orc:2    | Bought a steaming robe for 165 gold pieces
 29870 | Orc:2    | Identified the +2 robe of Hegif {Int+6} (You bought it in a
                  | shop on level 2 of the Orcish Mines)
 29890 | Orc:2    | Bought a pair of glowing gloves for 217 gold pieces
 29920 | Orc:2    | Found Tudukoz's Weapon Boutique.
 29924 | Orc:2    | Reached skill level 5 in Dodging
 30151 | Orc:2    | Found Hahor's General Store.
 30207 | Orc:2    | Found Goal's Magic Scroll Shoppe.
 30213 | Orc:2    | Bought a scroll of identify for 28 gold pieces
 31251 | D:13     | Reached skill level 5 in Evocations
 31707 | D:14     | Found a runed translucent gate.
 31707 | D:14     | Found a runed translucent gate.
 31707 | D:14     | Found a runed translucent gate.
 31709 | D:14     | Noticed Uzxid's ghost (journeyman MfGl)
 31709 | D:14     | Noticed Kous's ghost (journeyman DsMo)
 31722 | D:14     | Found Nabu's Dragon-Slaying Spoils.
 32150 | D:14     | Found a gate to the Vaults.
 32153 | D:14     | Reached XP level 16. HP: 106/106 MP: 30/30
 32749 | D:14     | Found a broken altar of Ashenzari.
 33031 | D:14     | Killed Uzxid's ghost
 33033 | D:14     | Killed Kous's ghost
 33034 | D:14     | Reached skill level 1 in Shields
 33186 | D:15     | Entered Level 15 of the Dungeon
 33287 | D:15     | Noticed Kirke
 33293 | D:15     | Killed Kirke
 33375 | D:15     | Found a hazy altar of Hepliaklqana.
 33398 | D:15     | Noticed Jorgrun
 33403 | D:15     | Killed Jorgrun
 33682 | D:15     | Got the Notes on Doomed Chilblains
 33787 | D:15     | Found a staircase to the Depths.
 34507 | D:15     | Identified the +0 scale mail "Loxaats" {rC+}
 34570 | D:15     | Reached skill level 5 in Shields
 34823 | D:15     | Learned a level 5 spell: Yara's Violent Unravelling
 35020 | Shoals:1 | Entered Level 1 of the Shoals
 35166 | Shoals:1 | Reached skill level 1 in Alchemy
 36527 | Shoals:2 | Got Sif Muna's Lessons on Position and Embers
 36557 | Shoals:2 | Found a runed translucent door.
 36568 | Shoals:2 | Reached skill level 10 in Fighting
 37291 | Shoals:2 | Reached skill level 5 in Hexes
 38835 | Shoals:3 | Identified the +8 war axe of Vithrueh {flame, rPois}
 39350 | Shoals:4 | Entered Level 4 of the Shoals
 39651 | Shoals:4 | Reached XP level 17. HP: 94/115 MP: 11/31
 39959 | Shoals:4 | Identified the +6 sling of Fuwack {freeze, Str+3}
 40748 | Shoals:4 | Identified the +1 robe "Mujy" {Dex+2}
 40932 | Shoals:4 | Reached skill level 10 in Invocations
 40945 | Shoals:4 | Reached skill level 5 in Alchemy
 41210 | Shoals:4 | Identified the +6 scale mail "Roce" {Harm Int+7 Dex-4
                  | Stlth+}
 41678 | Shoals:4 | Got a barnacled rune of Zot
 41684 | Shoals:4 | Learned a level 4 spell: Iskenderun's Mystic Blast
 42527 | D:8      | Bought a bloodstained trident for 187 gold pieces
 42527 | D:8      | Identified the +10 trident "Cataedee" {freeze, *Corrode
                  | Str+8 Dex+3 SInv} (You bought it in a shop on level 8 of
                  | the Dungeon)
 42644 | D:12     | Bought a ring of poison resistance for 320 gold pieces
 42803 | Spider:1 | Entered Level 1 of the Spider Nest
 43191 | Spider:1 | Identified the +1 leather armour of Gaciskyla {Regen+
                  | Slay+3}
 43442 | Spider:1 | Reached skill level 15 in Fire Magic
 44027 | Spider:1 | Reached skill level 5 in Translocations
 46713 | Spider:2 | Identified the +2 chain mail of Keak Let {Stlth+}
 47699 | Spider:3 | Reached XP level 18. HP: 124/124 MP: 12/33
 50163 | Spider:4 | Entered Level 4 of the Spider Nest
 50763 | Spider:4 | Learned a level 5 spell: Lee's Rapid Deconstruction
 50908 | Spider:4 | Reached skill level 1 in Earth Magic
 51975 | Spider:4 | Reached skill level 5 in Earth Magic
 52535 | Spider:4 | Identified the +1 scale mail of Lifelessness {Dex+4}
 52667 | Spider:4 | Identified the scarf of Fortification {shadows, Regen+ MP-9
                  | Int+4}
 52672 | Spider:4 | Got a gossamer rune of Zot
 53634 | Elf:1    | Entered Level 1 of the Elven Halls
 53660 | Elf:1    | Learned a level 4 spell: Dispel Undead
 54490 | Elf:1    | Reached XP level 19. HP: 128/128 MP: 33/35
 55275 | Elf:2    | Paralysed by an air elemental for 1 turns
 55549 | Elf:2    | Reached skill level 10 in Earth Magic
 55601 | Elf:2    | Found a frozen archway.
 55710 | IceCv    | Entered an ice cave
 55755 | IceCv    | Reached XP level 20. HP: 135/135 MP: 37/37
 56466 | IceCv    | Identified the ring "Vivesof" {Ice rPois Will++ Int-5
                  | Dex+3}
 57279 | Elf:2    | Found a runed translucent gate.
 57280 | Elf:2    | Found a runed translucent gate.
 57280 | Elf:2    | Found a runed translucent gate.
 57347 | Elf:2    | Reached skill level 1 in Necromancy
 57356 | Elf:2    | Reached skill level 5 in Stealth
 58546 | Elf:3    | Entered Level 3 of the Elven Halls
 58573 | Elf:3    | Found Juudeuro's Assorted Antiques.
 58876 | Elf:3    | Reached skill level 5 in Necromancy
 59106 | Elf:3    | Found Murph's General Store.
 59113 | Elf:3    | Found Qedobul's Antique Weapon Shop.
 59187 | Elf:3    | Paralysed by an air elemental for 1 turns
 59190 | Elf:3    | Paralysed by an air elemental for 1 turns
 59407 | Elf:3    | Identified the +1 hand axe of Noon {spect, Int+3}
 59643 | Elf:3    | Reached skill level 15 in Spellcasting
 59842 | Elf:3    | Identified the +5 scale mail "Suyps" {+Blink Int+3}
 60299 | Elf:3    | Reached XP level 21. HP: 82/140 MP: 24/40
 60450 | Elf:3    | Identified the +7 flail of Evisceration {pain, Int+2}
 60483 | Elf:3    | Identified the +4 chain mail of Xyanisch {rC+++ Will- SInv}
 60483 | Elf:3    | Identified the ring of Mimusm {Fly rF+}
 60587 | Elf:3    | Reached skill level 10 in Necromancy
 60829 | Elf:3    | Identified the +1 ring mail of Fortitude {rElec Int+5}
 60829 | Elf:3    | Identified the ring "Cian" {Wiz Will+}
 61034 | Elf:3    | Identified the staff "Coulebli" {rF- Will+ Int+4 Conj
                  | Earth}
 61281 | Orc:1    | Learned a level 8 spell: Maxwell's Capacitive Coupling
 61432 | Vaults:1 | Entered Level 1 of the Vaults
 61515 | Vaults:1 | Reached skill level 1 in Air Magic
 62404 | Vaults:1 | Noticed Rupert
 62409 | Vaults:1 | Noticed Agnes
 62414 | Vaults:1 | Killed Agnes
 62415 | Vaults:1 | Reached skill level 5 in Air Magic
 62415 | Vaults:1 | Killed Rupert
 62545 | Vaults:1 | Found a large runed translucent door.
 62545 | Vaults:1 | Noticed Gargoyl's ghost (adept GrBe)
 62546 | Vaults:1 | Found a large runed translucent door.
 63839 | Vaults:1 | Killed Gargoyl's ghost
 63841 | Vaults:1 | Identified the +2 pair of gloves of Unreason {rElec Str+5
                  | Int-2 Dex+3}
 64499 | Vaults:2 | Noticed Jory
 64505 | Vaults:2 | Killed Jory
 65418 | Vaults:2 | You are sucked into a shaft and drop 1 floor!
 65949 | Vaults:3 | Reached XP level 22. HP: 150/150 MP: 38/41
 66188 | Vaults:3 | Found a staircase to the Crypt.
 66465 | Vaults:3 | Reached skill level 10 in Air Magic
 66944 | Vaults:3 | Learned a level 8 spell: Ignition
 67665 | Vaults:3 | Found Bopyeno's Armour Shop.
 68129 | Vaults:4 | Found Uqireos's Antique Weapon Boutique.
 68503 | Vaults:4 | Paralysed by a formless jellyfish for 1 turns
 69138 | Vaults:4 | Noticed Margery
 69143 | Vaults:4 | Killed Margery
 69902 | Vaults:5 | Entered Level 5 of the Vaults
 69917 | Vaults:5 | Reached XP level 23. HP: 150/161 MP: 11/42
 70308 | Depths:1 | Entered Level 1 of the Depths
 70308 | Depths:1 | Found a corrupted altar of Lugonu.
 70308 | Depths:1 | Found a one-way gate to the infinite horrors of the Abyss.
 70464 | Depths:1 | Identified the +3 spear of the Globe {drain, ^Contam rPois
                  | MP+9 Dex+2}
 70717 | Depths:1 | Noticed the Enchantress
 70725 | Depths:1 | Killed the Enchantress
 70891 | Depths:1 | Noticed Norris
 70898 | Depths:1 | Killed Norris
 70899 | Depths:1 | Reached skill level 15 in Fighting
 71599 | Depths:1 | Noticed an ancient lich
 71600 | Depths:1 | Found a one-way gateway to a ziggurat.
 71607 | Depths:1 | Killed an ancient lich
 72010 | Depths:1 | Learned a level 4 spell: Airstrike
 72201 | Depths:1 | Got the Incunable of Sepulchral Stones
 72272 | Depths:1 | Found a shimmering blue altar of Sif Muna.
 72331 | Depths:1 | Noticed Mara
 72347 | Depths:1 | Noticed Ge0ff's illusion
 72347 | Depths:1 | Killed Mara
 72744 | Depths:1 | Found a gateway to Hell.
 73468 | Orc:2    | Bought a scroll of poison for 56 gold pieces
 73468 | Orc:2    | Bought a scroll of enchant armour for 105 gold pieces
 74026 | Depths:2 | Found a hide-covered altar of Uskayaw.
 74269 | Depths:2 | Reached skill level 5 in Armour
 74373 | Depths:2 | Noticed Grunn
 74380 | Depths:2 | Killed Grunn
 74600 | Depths:2 | Found a one-way gate leading to the halls of Pandemonium.
 75050 | Depths:2 | Identified the ring "Yrat" {rPois Slay+3}
 75754 | Depths:2 | Got the Folio of the Mighty Glacier
 76082 | D:14     | Learned a level 5 spell: Irradiate
 76175 | Depths:3 | Found a shimmering altar of Xom.
 76178 | Depths:3 | Found a shimmering altar of Xom.
 76179 | Depths:3 | Found a shimmering altar of Xom.
 76205 | Depths:3 | Reached skill level 15 in Air Magic
 76381 | Depths:3 | Found a runed translucent gate.
 76381 | Depths:3 | Found a runed translucent gate.
 76381 | Depths:3 | Found a runed translucent gate.
 76397 | Depths:3 | Reached XP level 24. HP: 140/171 MP: 31/42
 76785 | Depths:3 | Reached skill level 1 in Long Blades
 77083 | Depths:3 | Reached skill level 2 in Long Blades
 77571 | Depths:3 | Reached skill level 3 in Long Blades
 78250 | Depths:4 | Entered Level 4 of the Depths
 78326 | Depths:4 | Reached skill level 4 in Long Blades
 78883 | Depths:4 | Reached skill level 5 in Long Blades
 79103 | Depths:4 | Reached skill level 6 in Long Blades
 79347 | Depths:4 | Found a gate to the Realm of Zot.
 79772 | Depths:4 | Reached skill level 7 in Long Blades
 80419 | Orc:2    | Bought a scroll of vulnerability for 52 gold pieces
 80419 | Orc:2    | Bought a box of beasts for 520 gold pieces
 80419 | Orc:2    | Bought a potion of heal wounds for 65 gold pieces
 80419 | Orc:2    | Bought a scroll of vulnerability for 52 gold pieces
 80419 | Orc:2    | Bought 2 potions of heal wounds for 130 gold pieces
 80580 | Elf:3    | Bought a wand of paralysis (5) for 360 gold pieces
 80818 | D:3      | Bought a scroll of teleportation for 36 gold pieces
 80818 | D:3      | Bought a scroll of teleportation for 36 gold pieces
 80818 | D:3      | Bought a scroll of silence for 114 gold pieces
 81220 | Crypt:1  | Entered Level 1 of the Crypt
 81660 | Crypt:1  | Reached skill level 8 in Long Blades
 81791 | Crypt:3  | Entered Level 3 of the Crypt
 81837 | Crypt:3  | Found a magical portal.
 81846 | WizLab   | Entered Yara's Duelist Academy
 82134 | WizLab   | Noticed Sihud
 82147 | WizLab   | Killed Sihud the Head Instructor
 82151 | WizLab   | Reached skill level 9 in Long Blades
 82513 | WizLab   | Learned a level 5 spell: Fireball
 82608 | Crypt:3  | Reached skill level 10 in Long Blades
 82660 | Crypt:3  | Reached XP level 25. HP: 180/180 MP: 26/43
 82680 | Crypt:3  | Found a basalt altar of Yredelemnul.
 82686 | Crypt:3  | Found an ancient bone altar of Kikubaaqudgha.
 82717 | Crypt:3  | Got an ivory gem with 1003 turns to spare
 83107 | Crypt:3  | Reached skill level 11 in Long Blades
 83719 | Crypt:3  | Lost the ivory gem through the power of Zot.Gained a life
                  | (10 lives remaining)
 83776 | Crypt:3  | Found the +8 whip "Snakebite" {venom, curare, rPois}
 83783 | Crypt:3  | Identified the +2 ring mail of Luuluschi {-Cast *Corrode
                  | rElec Str+8}
 83861 | Crypt:3  | Found a staircase to the Tomb.
 84146 | Crypt:2  | Reached skill level 12 in Long Blades
 84543 | Crypt:2  | Identified the blade talisman "Hurghon" {*Slow Str+6
                  | Slay+5}
 84558 | Crypt:2  | Noticed Vv
 84572 | Crypt:2  | Killed Vv
 85248 | Crypt:1  | Reached skill level 13 in Long Blades
 85625 | Crypt:1  | Identified the +5 ring mail of the Red Wumpus {rElec rPois
                  | Int+2 SInv}
 86435 | Vaults:5 | Reached skill level 14 in Long Blades
 86527 | Vaults:5 | Identified the amulet of Reecsaubli {Spirit rF+ Will+
                  | Stlth+}
 86758 | Vaults:5 | Noticed an ancient lich
 86761 | Vaults:5 | Noticed an ancient lich
 86764 | Vaults:5 | Killed an ancient lich
 86766 | Vaults:5 | Killed an ancient lich
 87054 | Vaults:5 | Reached skill level 15 in Long Blades
 87957 | Vaults:5 | Identified the +1 arbalest "Aczifai" {freeze, rPois rN+
                  | Str+6 Dex-2}
 88013 | Vaults:5 | Got Sif Muna's Textbook on the Misty Lithosphere
 88094 | Vaults:5 | Identified the staff "Faxkieno" {Will+ Earth}
 88097 | Vaults:5 | Got a silver rune of Zot
 88856 | Slime:1  | Entered Level 1 of the Pits of Slime
 88874 | Slime:1  | Reached XP level 26. HP: 175/189 MP: 4/44
 89574 | Slime:2  | Reached skill level 16 in Long Blades
 90674 | Slime:5  | Entered Level 5 of the Pits of Slime
 91014 | Slime:5  | Noticed the Royal Jelly
 91019 | Slime:5  | Killed the Royal Jelly
 91333 | Slime:5  | Reached skill level 17 in Long Blades
 91706 | Slime:5  | Identified the +8 flail "Newt's Death Toll" {flame, Fly
                  | Dex+2}
 91720 | Slime:5  | Identified the ring of Qezul {Fly rCorr Dex+5}
 91775 | Slime:5  | Identified the +1 whip of Kolaotacopa {speed, rPois rN+
                  | Int+3}
 91973 | Slime:5  | Got Nass's Encyclopedia of Postmortem Hexes
 91975 | Slime:5  | Got a slimy rune of Zot
 91976 | Slime:5  | Identified the +1 leather armour of Slovenliness {Harm rF+
                  | rC+ MP-9}
 91988 | Slime:5  | Identified the staff of Kusom {rC+ Int-5 Dex+3 Ice Air}
 92047 | Slime:5  | Learned a level 4 spell: Passage of Golubria
 92205 | Slime:5  | Reached skill level 10 in Armour
 93033 | Zot:1    | Entered Level 1 of the Realm of Zot
 93475 | Zot:1    | Reached skill level 18 in Long Blades
 93708 | Zot:1    | Identified the ring of Limaah {Will+ AC+4 Str+4}
 94284 | Zot:1    | Noticed a dread lich
 94294 | Zot:1    | Killed a dread lich
 95551 | Zot:2    | Reached skill level 19 in Long Blades
 95551 | Zot:2    | Reached skill level 1 in Throwing
 95710 | Zot:2    | Identified the +1 ring mail "Miosemn" {Dex+2}
 95951 | Zot:2    | Identified the +5 rapier "Pyukkaih" {freeze, Int+2}
 96064 | Zot:2    | Reached XP level 27. HP: 194/195 MP: 39/44
 96131 | Zot:2    | Noticed an orb of fire
 96136 | Zot:2    | Killed an orb of fire
 96277 | Zot:2    | Identified the ring of Feppank {rPois Dex+3 SInv Stlth+}
 97696 | Zot:3    | Identified the +0 scale mail of Sonez {Rampage Will- Str+5}
 97869 | Zot:3    | Identified the +8 orcbow of the Sharp God {freeze, rPois
                  | rN+ Stlth+}
 98804 | Zot:4    | Found a transporter.
 98878 | Zot:4    | Reached skill level 20 in Long Blades
 99003 | Zot:4    | Found a transporter.
 99542 | Zot:4    | Reached skill level 5 in Throwing
100534 | Zot:4    | Acquired the ring of Veigalar {EV+5 Int+6 SInv}
100579 | Zot:5    | Entered Level 5 of the Realm of Zot
100580 | Zot:5    | Noticed an ancient lich
100840 | Zot:5    | Reached skill level 21 in Long Blades
101024 | Zot:5    | Noticed an ancient lich
101032 | Zot:5    | Killed an ancient lich
101441 | Zot:5    | Noticed an orb of fire
101691 | Zot:5    | Noticed an ancient lich
101698 | Zot:5    | Killed an ancient lich
101709 | Zot:5    | Noticed an orb of fire
101713 | Zot:5    | Killed an orb of fire
101720 | Zot:5    | Noticed an orb of fire
101724 | Zot:5    | Killed an orb of fire
101766 | Zot:5    | Noticed an ancient lich
101771 | Zot:5    | Killed an ancient lich
101867 | Zot:5    | Noticed an ancient lich
101872 | Zot:5    | Killed an ancient lich
102058 | Zot:5    | Killed an orb of fire
102060 | Zot:5    | Noticed a dread lich
102064 | Zot:5    | Killed a dread lich
102074 | Zot:5    | Noticed an ancient lich
102083 | Zot:5    | Killed an ancient lich
102084 | Zot:5    | Reached skill level 15 in Armour
102441 | Zot:5    | Noticed a dread lich
102445 | Zot:5    | Killed a dread lich
102631 | Zot:5    | Noticed an orb of fire
102637 | Zot:5    | Got the Orb of Zot
102638 | Zot:5    | Noticed an orb of fire
102638 | Zot:5    | Gained mutation: Your body sometimes deteriorates upon
                  | taking damage. [an orb of fire]
102679 | Zot:5    | Noticed Hinunt the pandemonium lord
102767 | Zot:1    | Reached skill level 10 in Stealth
103216 | D:$      | Escaped with the Orb!

Illustrated notes

#.......# *,********, #.#####.#
*****,* *, #.# #.#****** *,,,,,*
*, #.#####.#*,,,,* *,,...# **
##.#.....##...,* *,,...#
##.###.####....* *,,,..#
##.#....###....* ****#.#
##.#.#..###....########.######***
##.#.#..###....+@R............,,,
##.#.#....+....####.......##*****
##..<....##....**#........#******
##......#######$.........)#*,,,,,
...........####....#<.....#*,,,,,
#.#.....##.####....##.....#*,,,,,
.........#.####....*#.....#*,,,,,
.>######.#.####....,+.....#*,,,,,
.........#.######***#.....#*,,,,,


Turn 14289 on D:11: hello there

Levels and vault maps discovered:
D:1:      roderic_chinese_lattice_arrival, layout_basic, minmay_door_square
D:2:      minmay_spotlight, layout_loops_corners, basic_altar, serial_shops,
          shop, chequers_ecumenical_altar_lobes, st_stairs_1
D:3:      minmay_recursive_quarters, layout_rooms, serial_co_window_serial,
          co_window_of_opportunity_a, co_window_cross_1, co_window_paths_a,
          co_window_paths_b, co_window_paths_b, co_window_paths_a,
          co_window_corner_a, co_window_paths_a, co_window_corner_a,
          co_window_unsneaky_path_b, co_window_corner_b,
          co_window_unsneaky_path_d, co_window_broadway_b, co_window_corner_b,
          co_window_paths_e, glass_columns_a, serial_shops, shop
D:4:      layout_loops_ring, kennysheep_mini_moat, lemuel_doored_altar,
          kennysheep_generic_room_9
D:5:      layout_basic, mainiacjoe_overflow_concentric_impassable,
          glass_columns_a, st_stairs_14, nicolae_zig_zag_zippers
D:6:      layout_loops_ring, gammafunk_ghost_arena, serial_shops,
          nicolae_shop_tiny_glass, minmay_misc_feat_more_columns
D:7:      layout_loops_ring, minmay_temple_entry_grid, uniq_joseph,
          uniq_menkaure, uniq_prince_ribbit1
D:8:      layout_loops_ring, nicolae_tso_besieged_by_evil, enter_bailey_5,
          nicolae_take_the_stairs, amcnicky_mini_rare_corridor_liquid,
          uniq_maurice
D:9:      layout_loops_cross, grunt_dithmenos_smoke, erik_orc_4,
          dreamdust_princess_corridor, chequers_avenue, uniq_harold
D:10:     layout_layer_cave, lemuel_coloured_pillars_altar, trog_hazing_becter,
          chequers_temple_overflow_minitemple, dpeg_oklobed_lair,
          kennysheep_donut, kennysheep_flooded_box
D:11:     layout_basic, serial_park_tiny_pond, uniq_erolcha
D:12:     layout_gridville, serial_shops, shop, shop,
          nicolae_shop_just_a_little_nook, st_stairs_3,
          yredelemnul_forgotten_temple_becter
D:13:     layout_roguey
D:14:     layout_irregular_city, grunt_vaults_entry_tiered,
          ashenzari_conservatory_becter, gammafunk_ghost_cemetery, minivault_26,
          nicolae_shop_dragon_depot
D:15:     hangedman_depths_entry_try_elsewhere_first, layout_loops_corners,
          nzn_hepliaklqana_mist_gate, billiards_dpeg, uniq_jorgrun, uniq_kirke
Lair:1:   layout_regular_city, grunt_megastairs_5
Lair:2:   layout_gridlike, minmay_shoals_entry_centaurs,
          nicolae_spider_entry_tight_spaces, infiniplex_staircase_pool_2
Lair:3:   layout_roguey, gammafunk_ghost_ooze, lemuel_fruit_fields
Lair:4:   onia_ninara_swampy_vault, layout_cave_pods, st_stairs_9,
          pf_torpor_hydra
Lair:5:   gammafunk_lair_ancient_temple, layout_cave_pods,
          minmay_slime_entry_oklob_enclosed, serial_bayou_shore_a,
          serial_bayou_shore_b
Shoals:1: layout_shoals
Shoals:2: layout_shoals, lightli_airlock
Shoals:3: layout_shoals, nicolae_shoals_nymph_descending_staircase
Shoals:4: shoals_end_simple, layout_shoals
Spider:1: layout_spider_delve, nicolae_crawler_farm
Spider:2: layout_chambers, nicolae_spider_circle_web
Spider:3: layout_spider_delve, nicolae_spider_stair_cavern
Spider:4: hellmonk_spider_rune_endless_swarm
Slime:1:  layout_caves
Slime:2:  layout_caves
Slime:3:  layout_caves, cheibrodos_slime_lost_civilization_7
Slime:4:  layout_caves, nicolae_slime_rock_hall_of_fame
Slime:5:  slime_pit_nicolae_trefoil
Orc:1:    layout_caves, enter_volcano_3, basic_altar, lemuel_statue_altar,
          statue_in_the_mist_lemuel
Orc:2:    hellmonk_orc_salted, layout_caves, lightli_orcish_oven
Elf:1:    nicolae_elf_arrival_no_cutting_in_line, layout_gridlike,
          minmay_elf_crystal_hexagon
Elf:2:    nicolae_elf_blades_crystal_corner, layout_rooms,
          portal_ice_cave_entry_dragon
Elf:3:    minmay_elf_hall_curves, layout_gridlike, serial_shops, shop,
          minmay_the_grid_square_5x5_3x3_mashed
          [minmay_the_grid_square_5x5_checkered_sparse,
          minmay_the_grid_square_5x5_trominoes, minmay_the_grid_square_5x5_plus,
          minmay_the_grid_square_5x5_spiral,
          minmay_the_grid_square_5x5_megaprize_open,
          minmay_the_grid_square_5x5_spiral_small,
          minmay_the_grid_square_5x5_corner,
          minmay_the_grid_square_5x5_hollow_slash,
          minmay_the_grid_square_5x5_forky], minmay_shoptagon
Vaults:1: advil_vaults_ghost_guards, vaults_standard_mumra_x, sword_in_stone,
          nicolae_vaults_network_quincunx
          [nicolae_vaults_network_quincunx_subvault,
          nicolae_vaults_network_quincunx_subvault,
          nicolae_vaults_network_quincunx_subvault,
          nicolae_vaults_network_quincunx_subvault,
          nicolae_vaults_network_quincunx_subvault], v_misc_26,
          ontoclasm_vaults_ring_small, nicolae_vaults_network_star, v_pattern_3,
          nicolae_vaults_shelves_hall, nicolae_vaults_closet_pinwheel_1,
          nicolae_vaults_little_ls, nicolae_vaults_tetromino_L_1,
          layout_vaults_omnicross
Vaults:2: nicolae_vaults_two_Ls, v_misc_8, hangedman_vaults_hat,
          nicolae_vaults_inception_scallops, v_misc_26, hangedman_vaults_pinch,
          v_alt_pattern_4, nicolae_vaults_tetromino_L_1, hangedman_vaults_nodes,
          ontoclasm_vaults_loading_screen, nicolae_vaults_trapezoid_lopsided_1,
          v_misc_24, v_misc_24, nicolae_vaults_two_Ls, layout_vaults_ring,
          uniq_jory
Vaults:3: nicolae_vaults_little_squares_1, vaults_room_large_hall,
          hangedman_vaults_stitches, grunt_vaults_funnel,
          nicolae_vaults_library_corner, nicolae_vaults_apartment_1,
          nicolae_vaults_stairing_the_circle,
          nicolae_vaults_taking_the_gang_shopping,
          nicolae_vaults_heart-shaped_vault, vaults_dpeg_ring,
          layout_vaults_chaotic_city, minmay_crypt_entry_simple_box
Vaults:4: vaults_room_fancy_cross, nicolae_vaults_turnstiles, v_misc_8,
          dpeg_vaults_pockets_of_resistance, nicolae_vaults_storage_closets_3,
          nicolae_vaults_weapon_check, vaults_room_pool,
          grunt_vaults_hallway_short, nicolae_vaults_surprise_closet,
          minmay_orc_keep, hangedman_vaults_trim, vaults_room_stairs_pillars,
          layout_vaults_maze_snakey, serial_shops, shop, uniq_margery
Vaults:5: serial_shops
Crypt:1:  layout_misc_corridors, grunt_crypt_arrival_split, grunt_megastairs_4
Crypt:2:  layout_basic, grunt_ministairs_13, uniq_vv
Crypt:3:  lightli_unholy_cathedral, layout_chaotic_city,
          tomb_entry_simple_bobbens, mu_enter_wizlab_4
Depths:1: minmay_crescents, layout_cave_pools, enter_ziggurat_c,
          hangedman_geh_valley, nicolae_sif_muna_condensation,
          abyss_entry_flame_altar, kennysheep_small_spiral, dk_noncrumbling_4,
          corexii_corridor_pit, minmay_tree_intersection,
          serial_library_hellmonk_small_corner, minmay_crystal_room,
          chequers_serial_rivers_micro_d, dispersion_dpeg, uniq_mara,
          uniq_norris, uniq_enchantress
Depths:2: vault_1, layout_gridlike, hell_entry, nicolae_uskayaw_dance_hall,
          grunt_pan_entry_zigzag, minmay_room_of_horrors,
          infiniplex_staircase_spiral_double, uniq_grunn
Depths:3: minmay_diamond_stairs, layout_gridlike, hangedman_coc_ice_floe,
          xom_redecorated, abyss_entry, pandoras_box_mu
Depths:4: grunt_zot_entry_funnels, layout_basic, hell_entry,
          minmay_misc_feat_cross, serial_bayou_shore_b
Zot:1:    hangedman_zot_vaults_quadrants, layout_onion_interference,
          basic_altar, grunt_ministairs_10,
          regret_index_zotdec_barnacled_alternative, st_large_dragon_hoard_3
Zot:2:    kennysheep_blocky_room, layout_gridlike
Zot:3:    layout_cathedral_of_symmetry, skrybe_zot_glass_3, st_stairs_8
Zot:4:    gammafunk_sealed_arena, layout_basic, grunt_ministairs_9
Zot:5:    layout_basic

Skill      XL: |  1  2  3  4  5  6  7  8  9 10 11 12 13 14 15 16 17 18 19 20 21 22 23 24 25 26 27 |
---------------+----------------------------------------------------------------------------------+-----
Conjurations   | 1 2 3 6 7 9 10 11 12 | 12.0
Fighting       | 1 5 6 7 8 10 11 12 14 16 17 18 | 18.0
Fire Magic     | 3 4 5 6 9 10 11 12 14 15 16 17 | 17.0
Spellcasting   | 3 4 5 6 7 8 10 11 12 13 15 16 17 | 17.0
Hexes          | 3 6 7 |  7.0
Evocations     | 3 5 6 |  6.5
Dodging        | 3 5 6 7 8 |  8.7
Invocations    | 2 3 5 7 9 10 11 12 | 12.6
Armour         | 2 4 6 7 8 12 15 | 15.0
Translocations | 3 5 6 7 |  7.0
Shields        | 5 7 8 |  8.2
Alchemy        | 4 7 |  7.0
Earth Magic    | 9 10 11 | 11.0
Stealth        | 7 10 | 10.1
Necromancy     | 8 10 | 10.0
Air Magic      | 9 13 15 16 | 16.0
Long Blades    | 10 15 19 21 | 21.0
Throwing       | 1 6 |  6.0

Action                     |  1- 3 |  4- 6 |  7- 9 | 10-12 | 13-15 | 16-18 | 19-21 | 22-24 | 25-27 || total
---------------------------+-------+-------+-------+-------+-------+-------+-------+-------+-------++-------
  Melee: Short sword       |    27 |       |       |    14 |       |       |       |       |       ||    41
         Bite              |     4 |       |     1 |     5 |    19 |     1 |     7 |     5 |    17 ||    59
         Unarmed           |     1 |       |       |       |       |       |       |       |       ||     1
         Morningstar       |     2 |     4 |     8 |     5 |       |       |       |       |       ||    19
         Staff             |       |       |       |     9 |    95 |     5 |    28 |    42 |    81 ||   260
         Punch             |       |       |       |     1 |     5 |       |       |       |       ||     6
  Throw: Dart              |       |       |       |     3 |     1 |     2 |     2 |     1 |       ||     9
         Throwing net      |       |       |       |       |     1 |     1 |     1 |       |       ||     3
   Cast: Foxfire           |    57 |    83 |    90 |   208 |     1 |       |       |       |       ||   439
         Scorch            |     1 |    18 |    63 |   113 |    20 |     2 |       |       |       ||   217
         Inner Flame       |       |       |     8 |     8 |       |       |       |       |       ||    16
         Starburst         |       |       |       |    20 |   309 |   502 |   179 |   213 |   237 ||  1460
         Lee's Rapid Decon |       |       |       |       |       |    26 |   156 |    18 |    39 ||   239
         Ignition          |       |       |       |       |       |       |       |   138 |   146 ||   284
         Apportation       |       |       |       |       |       |       |       |     6 |       ||     6
         Iskenderun's Myst |       |       |       |       |       |       |       |    24 |     3 ||    27
         Irradiate         |       |       |       |       |       |       |       |    23 |    18 ||    41
         Maxwell's Capacit |       |       |       |       |       |       |       |     3 |    61 ||    64
         Yara's Violent Un |       |       |       |       |       |       |       |     1 |     5 ||     6
         Dispel Undead     |       |       |       |       |       |       |       |       |    16 ||    16
         Fireball          |       |       |       |       |       |       |       |       |     1 ||     1
         Airstrike         |       |       |       |       |       |       |       |       |     1 ||     1
 Invoke: Ancestor Identity |       |     2 |       |       |       |       |       |       |       ||     2
         Ancestor Life: Ba |       |     1 |       |       |       |       |       |       |       ||     1
         Recall Ancestor   |       |       |       |     3 |     3 |     4 |     3 |     8 |    13 ||    34
         Idealise          |       |       |       |       |    10 |    11 |     8 |    12 |    14 ||    55
         Transference      |       |       |       |       |       |       |       |       |     1 ||     1
  Evoke: Wand              |       |       |    12 |     6 |    26 |    26 |     3 |     5 |    12 ||    90
         Lightning rod     |       |       |       |       |     9 |    20 |    11 |    20 |    10 ||    70
         Phial of floods   |       |       |       |       |       |     1 |     1 |     3 |     1 ||     6
         Box of beasts     |       |       |       |       |       |       |       |     1 |     1 ||     2
         Condenser vane    |       |       |       |       |       |       |       |       |     3 ||     3
         Phantom mirror    |       |       |       |       |       |       |       |       |     3 ||     3
    Use: Scroll            |       |     3 |     8 |    13 |    13 |     3 |    12 |     9 |    14 ||    75
         Potion            |       |       |     2 |     3 |     3 |     5 |     3 |     4 |    11 ||    31
   Stab: Sleeping          |     2 |       |       |       |       |       |       |       |       ||     2
         Distracted        |       |       |       |       |     3 |       |       |     1 |     3 ||     7
         Paralysed         |       |       |       |       |     4 |       |       |       |       ||     4
         Invisible         |       |       |       |       |     1 |       |       |       |       ||     1
 Armour: Robe              |    27 |     8 |    38 |    33 |    22 |   203 |   134 |    96 |       ||   561
         Troll leather arm |       |       |       |    54 |   243 |       |       |       |       ||   297
         Acid dragon scale |       |       |       |       |       |       |       |   189 |   330 ||   519
  Dodge: Dodged            |    31 |     7 |    25 |    55 |   169 |   124 |    68 |   133 |   156 ||   768
  Block: Buckler           |       |       |       |       |       |    64 |    27 |    78 |   119 ||   288

Table legend: (Time is in decaauts)
 A = Elapsed time spent in this place.
 B = Non-inter-level travel time spent in this place.
 C = Inter-level travel time spent in this place.
 D = Time resting spent in this place.
 E = Time spent auto-exploring this place.
 F = Levels seen in this place.
 G = Mean time per level.
                   A        B        C        D        E       F      G
               +--------+--------+--------+--------+--------+-----+--------+
         Total | 103812 |  94287 |   9525 |   7375 |  73828 |  59 | 1759.5 |
       Dungeon |  24589 |  20844 |   3745 |    497 |  17762 |  15 | 1639.3 |
          Lair |  11823 |  10381 |   1442 |    352 |   8831 |   5 | 2364.6 |
        Shoals |   7338 |   7081 |    257 |    392 |   5939 |   4 | 1834.5 |
   Spider Nest |  10131 |   9879 |    252 |    402 |   8391 |   4 | 2532.8 |
    Slime Pits |   3885 |   3690 |    195 |    570 |   2676 |   5 |  777.0 |
  Orcish Mines |   2874 |   2378 |    496 |    276 |   1700 |   2 | 1437.0 |
   Elven Halls |   6264 |   5267 |    997 |   1443 |   2950 |   3 | 2088.0 |
        Vaults |  11594 |  10525 |   1069 |    416 |   8587 |   5 | 2318.8 |
         Crypt |   4264 |   4125 |    139 |    132 |   3228 |   3 | 1421.3 |
        Depths |   8419 |   7871 |    548 |    461 |   6338 |   4 | 2104.8 |
           Zot |   9239 |   8858 |    381 |   1679 |   5773 |   5 | 1847.8 |
        Bailey |   1060 |   1060 |      0 |    248 |    544 |   1 | 1060.0 |
      Ice Cave |    973 |    973 |      0 |    244 |    534 |   1 |  973.0 |
       Volcano |    652 |    652 |      0 |     90 |    220 |   1 |  652.0 |
        Wizlab |    700 |    700 |      0 |    173 |    353 |   1 |  700.0 |
               +--------+--------+--------+--------+--------+-----+--------+

Top non-repeatable levels by time:
    D:15: 3045 daAuts
Vaults:1: 2935 daAuts
Spider:3: 2902 daAuts
Shoals:4: 2847 daAuts
Spider:1: 2685 daAuts
    D:10: 2634 daAuts
   Elf:3: 2611 daAuts
  Lair:5: 2531 daAuts
Spider:4: 2488 daAuts
  Lair:4: 2482 daAuts
Vaults:3: 2476 daAuts
  Lair:3: 2419 daAuts
   Elf:1: 2368 daAuts
Depths:2: 2346 daAuts
Depths:4: 2329 daAuts
